 Dungeon Crawl Stone Soup version 0.29-a0-219-g0a02b1cf4f (webtiles) character file.

Game seed: 16172663692955511561

493442 Inarius the Executioner (level 23, -9/198 HPs)
             Began as a Demonspawn Fighter on Feb 25, 2022.
             Was the Champion of Nemelex Xobeh.
             Killed from afar by an ancient lich (72 damage)
             ... with a crystal spear
             ... on level 5 of the Vaults.
             The game lasted 02:20:58 (76145 turns).

Inarius the Executioner (Demonspawn Fighter)       Turns: 76145, Time: 02:20:59

Health: -9/198     AC: 36    Str: 25 (26) XL:     23   Next: 92%
Magic:  0/36       EV:  4    Int: 13      God:    Nemelex Xobeh [******]
Gold:   4447       SH: 22    Dex: 16      Spells: 22/22 levels left

rFire   + + .      SeeInvis +   I - +6 broad axe (elec)
rCold   + + +      Faith    .   P - +1 tower shield
rNeg    + + .      Spirit   +   v - +9 gold dragon scales
rPois   +          Reflect  .   (helmet unavailable)
rElec   +          Harm     .   O - +1 cloak of the New World {+Blink}
rCorr   .          Rampage  .   o - +1 pair of gloves "Cioth" {rC++ Dex+3 Stlth+}
Will    +....                   x - +2 pair of boots {Fly}
Stlth   ..........              Y - amulet "Pustrerycs" {Spirit rF+ rC+}
HPRegen 0.43/turn               U - ring "Kupov" {rC+ rN+ Int+2}
MPRegen 0.25/turn               R - ring of positive energy

@: corroded, flying, studying Dodging
A: antennae 3, thin metallic scales 3, foul stench 3, powered by death 1, black
mark, bedeviling
}: 2/15 runes: decaying, gossamer
a: Renounce Religion, Evoke Blink, Draw Escape, Draw Destruction, Draw
Summoning, Triple Draw, Deal Four, Stack Five


You were on level 5 of the Vaults.
You worshipped Nemelex Xobeh.
Nemelex Xobeh was exalted by your worship.
You visited 10 branches of the dungeon, and saw 47 of its levels.
You visited 1 bazaar.
You also visited: Bailey, Volcano and Wizlab.

You collected 7019 gold pieces.
You spent 2572 gold pieces at shops.

Inventory:

Hand Weapons
 a - a +2 demon whip of venom
 b - a +9 broad axe of freezing
 I - a +6 broad axe of electrocution (weapon)
Armour
 o - the +1 pair of gloves "Cioth" (worn) {rC++ Dex+3 Stlth+}
   (You acquired it on level 4 of the Depths)

   Dex:       It affects your dexterity (+3).
   rC:        It greatly protects you from cold.
   Stlth:     It makes you more stealthy.
 v - +9 gold dragon scales (worn)
 x - a +2 pair of boots of flying (worn)
 O - the +1 cloak of the New World (worn) {+Blink}
   (You bought it in a shop on level 2 of the Orcish Mines)

   +Blink:    It lets you blink.
 P - a +1 tower shield (worn)
Jewellery
 h - the ring of Moxudd {Will+ rCorr MP-9 Str+6}
   (You took it off a vampire knight on level 3 of the Crypt)

   [ring of willpower]

   Str:       It affects your strength (+6).
   MP:        It affects your magic capacity (-9).
   rCorr:     It protects you from acid and corrosion.
   Will:      It increases your willpower.
 w - the amulet "Ysytioz" {rElec rC+ Will+ Regen+ MP+9}
   (You acquired it in a wizard's laboratory)

   [amulet of regeneration]

   rC:        It protects you from cold.
   rElec:     It insulates you from electricity.
   MP:        It affects your magic capacity (+9).
   Regen:     It increases your rate of health regeneration.
   Will:      It increases your willpower.
 H - an amulet of reflection
 R - a ring of positive energy (right hand)
 S - the ring of Cocw {rElec rPois AC+4}
   (You found it on level 3 of the Elven Halls)

   [ring of protection]

   AC:        It affects your AC (+4).
   rElec:     It insulates you from electricity.
   rPois:     It protects you from poison.
 U - the ring "Kupov" (left hand) {rC+ rN+ Int+2}
   (You acquired it on level 1 of the Vaults)

   [ring of positive energy]

   Int:       It affects your intelligence (+2).
   rC:        It protects you from cold.
   rN:        It protects you from negative energy.
 Y - the amulet "Pustrerycs" (around neck) {Spirit rF+ rC+}
   (You bought it in a shop in a bazaar)

   [amulet of guardian spirit]

   It causes incoming damage to be divided between your reserves of health and
   magic.
   rF:        It protects you from fire.
   rC:        It protects you from cold.
 Z - the ring "Saxkauzonu" {*Corrode Fly rF+ rC+ Will++}
   (You bought it in a shop in a bazaar)

   [ring of protection from cold]

   rF:        It protects you from fire.
   rC:        It protects you from cold.
   Fly:       It grants you flight.
   *Corrode:  It may corrode you when you take damage.
   Will:      It greatly increases your willpower.
Wands
 g - a wand of acid (7)
 y - a wand of digging (4)
 G - a wand of mindburst (11)
 K - a wand of iceblast (33)
 M - a wand of charming (9)
 Q - a wand of paralysis (14)
Scrolls
 c - 4 scrolls of magic mapping
 d - 2 scrolls of enchant armour
 f - 3 scrolls of noise
 k - 22 scrolls of teleportation
 m - 6 scrolls of immolation
 q - 7 scrolls of vulnerability
 s - a scroll of silence
 A - 4 scrolls of summoning
 E - 16 scrolls of identify
 N - 10 scrolls of fog
 T - 10 scrolls of fear
Potions
 e - 16 potions of curing
 i - 2 potions of resistance
 n - 9 potions of brilliance
 p - 9 potions of ambrosia
 r - 5 potions of might
 t - 19 potions of mutation
 z - 6 potions of cancellation
 B - 7 potions of haste
 C - a potion of magic
 D - 4 potions of heal wounds
 L - 2 potions of berserk rage
 V - 5 potions of attraction
 X - a potion of invisibility
Miscellaneous
 j - a phantom mirror
 u - a lightning rod (4/4)
 F - a box of beasts
 J - a piece from Xom's chessboard (15/15)


   Skills:
 + Level 20.6 Fighting
 * Level 26.2 Axes
 + Level 0.4 Throwing
 + Level 12.9 Armour
 + Level 17.9 Shields
 * Level 19.1 Invocations
 + Level 9.0 Evocations


You had 22 spell levels left.
You didn't know any spells.
Your spell library contained the following spells:

 Spells                   Type           Power      Damage    Failure   Level
 Animate Skeleton         Necr           0%         N/A       100%        1
 Apportation              Tloc           0%         N/A       100%        1
 Freeze                   Ice            0%         1d3       100%        1
 Magic Dart               Conj           0%         1d3       100%        1
 Pain                     Necr           0%         1d4       100%        1
 Sandblast                Erth           0%         2d4       100%        1
 Summon Small Mammal      Summ           0%         N/A       100%        1
 Ensorcelled Hibernation  Hex/Ice        0%         N/A       100%        2
 Passwall                 Tmut/Erth      0%         N/A       100%        2
 Searing Ray              Conj           0%         2d4       100%        2
 Call Canine Familiar     Summ           0%         N/A       100%        3
 Confusing Touch          Hex            0%         N/A       100%        3
 Conjure Flame            Conj/Fire      0%         6-21      100%        3
 Frozen Ramparts          Ice            0%         1d2       100%        3
 Gell's Gravitas          Tloc           0%         N/A       100%        3
 Ignite Poison            Fire/Tmut/Pois 0%         N/A       100%        3
 Inner Flame              Hex/Fire       0%         N/A       100%        3
 Lesser Beckoning         Tloc           0%         N/A       100%        3
 Ozocubu's Armour         Ice            0%         N/A       100%        3
 Spider Form              Tmut/Pois      0%         N/A       100%        3
 Stone Arrow              Conj/Erth      0%         3d7       100%        3
 Summon Guardian Golem    Hex/Summ       0%         N/A       100%        3
 Teleport Other           Tloc           0%         N/A       100%        3
 Tukima's Dance           Hex            0%         N/A       100%        3
 Vampiric Draining        Necr           0%         2d6       100%        3
 Airstrike                Air            0%         N/A       100%        4
 Anguish                  Hex/Necr       0%         N/A       100%        4
 Animate Armour           Summ/Erth      0%         N/A       100%        4
 Animate Dead             Necr           0%         N/A       100%        4
 Cause Fear               Hex            0%         N/A       100%        4
 Fulminant Prism          Conj/Hex       0%         3d6       100%        4
 Hailstorm                Conj/Ice       0%         3d3       100%        4
 Ice Form                 Ice/Tmut       0%         N/A       100%        4
 Iskenderun's Mystic Bla  Conj/Tloc      0%         2d3       100%        4
 Passage of Golubria      Tloc           0%         N/A       100%        4
 Petrify                  Tmut/Erth      0%         N/A       100%        4
 Sticky Flame             Conj/Fire      0%         2d3       100%        4
 Summon Ice Beast         Ice/Summ       0%         N/A       100%        4
 Summon Lightning Spire   Summ/Air       0%         N/A       100%        4
 Alistair's Intoxication  Tmut/Pois      0%         N/A       100%        5
 Blade Hands              Tmut           0%         N/A       100%        5
 Borgnjor's Vile Clutch   Necr/Erth      0%         N/A       100%        5
 Excruciating Wounds      Necr           0%         N/A       100%        5
 Fireball                 Conj/Fire      0%         3d3       100%        5
 Irradiate                Conj/Tmut      0%         3d13      100%        5
 Iskenderun's Battlesphe  Conj           0%         2d6       100%        5
 Lee's Rapid Deconstruct  Erth           0%         3d5*      100%        5
 Lightning Bolt           Conj/Air       0%         1d11      100%        5
 Metabolic Englaciation   Hex/Ice        0%         N/A       100%        5
 Silence                  Hex/Air        0%         N/A       100%        5
 Yara's Violent Unravell  Hex/Tmut       0%         3d3       100%        5
 Conjure Ball Lightning   Conj/Air       0%         3x3d6     100%        6
 Death Channel            Necr           0%         N/A       100%        6
 Iron Shot                Conj/Erth      0%         9d1       100%        6
 Simulacrum               Ice/Necr       0%         N/A       100%        6
 Starburst                Conj/Fire      0%         6d3       100%        6
 Statue Form              Tmut/Erth      0%         N/A       100%        6
 Enfeeble                 Hex            0%         N/A       100%        7
 Orb of Destruction       Conj           0%         9d5       100%        7
 Storm Form               Tmut/Air       0%         N/A       100%        7
 Discord                  Hex            0%         N/A       100%        8
 Disjunction              Tloc           0%         N/A       100%        8
 Ignition                 Fire           0%         3d3       100%        8
 Lehudib's Crystal Spear  Conj/Erth      0%         10d2      100%        8
 Maxwell's Capacitive Co  Air            0%         ∞         100%        8
 Necromutation            Tmut/Necr      0%         N/A       100%        8
 Chain Lightning          Conj/Air       0%         N/A       100%        9
 Fire Storm               Conj/Fire      0%         5d1       100%        9
 Shatter                  Erth           0%         3d5*      100%        9


Dungeon Overview and Level Annotations

Branches:
Dungeon (15/15)            Temple (1/1) D:6            Lair (6/6) D:11
  Swamp (4/4) Lair:2       Spider (4/4) Lair:3        Slime (0/5) Lair:6
    Orc (2/2) D:9             Elf (3/3) Orc:2        Vaults (5/5) D:13
  Crypt (3/3) Vaults:2       Tomb (0/3) Crypt:3      Depths (4/4) D:15
    Zot (0/5) Depths:4     Bailey (visited)         Volcano (visited)
 WizLab (visited)

Altars:
Ashenzari
Elyvilon
Fedhas
Hepliaklqana
Kikubaaqudgha
Makhleb
Nemelex Xobeh
Okawaru
Qazlal
Ru
Sif Muna
Trog
Uskayaw
Vehumet
Xom
Yredelemnul
The Shining One
Beogh
Jiyva

Shops:
D:6 =!?=   Orc:1 [   Orc:2 [[(*   Elf:3 :   Vaults:2 (   Vaults:3 =
Vaults:4 (   Vaults:5 =   Depths:1 !   Depths:4 ***

Portals:
Hell: Depths:1 Depths:2 Depths:3 Depths:4
Abyss: Depths:1 Depths:2 Depths:3
Pandemonium: Depths:2
Ziggurat: Depths:3

Annotations:
D:10 exclusion: obsidian statue
D:12 2 transporters, NigelTetley's ghost, journeyman DECj
Elf:2 5 runed translucent doors


Innate Abilities, Weirdness & Mutations

You have a pair of large antennae on your head. (SInv)
You are completely covered in thin metallic scales. (AC +4, rElec)
You frequently emit foul miasma when damaged in melee.
You regenerate a little health from kills.
Your melee attacks may debilitate your foes.
Your hexes are more powerful.


Message History

The vault guard hits you but does no damage.
The ancient lich casts a spell at you. The crystal spear hits you!!!
* * * LOW HITPOINT WARNING * * *
You feel much better. You block the vault guard's attack.
The ancient lich touches you but does no damage.
Unknown command.
You slash the ancient lich!
The ancient lich is severely damaged.
You hit the vault guard.
The vault guard hits you with a +0 war axe.
* * * LOW HITPOINT WARNING * * *
You emit a cloud of foul miasma!
The ancient lich touches you!
* * * LOW HITPOINT WARNING * * *
You emit a cloud of foul miasma!
You feel much better.
The vault guard is engulfed in dark miasma.
The vault guard is poisoned.
The vault guard seems to slow down.
You block the vault guard's attack. You block the ancient lich's attack.
Unknown command.
Unknown command.
Aiming: Corrosive Bolt
Press: ? - help, Shift-Dir - straight line, f - ancient lich
Aim: an ancient lich (foul pestilence, severely damaged, slightly transparent, 74% to hit)
The bolt of acid misses the ancient lich.
You hear a shout!
You block the ancient lich's attack.
The vault guard is engulfed in dark miasma.
The vault guard looks even sicker.
The vault guard hits you with a +0 war axe.
Unknown command.
Aiming: Corrosive Bolt
Press: ? - help, Shift-Dir - straight line, f/p - ancient lich
Aim: an ancient lich (foul pestilence, severely damaged, slightly transparent, 74% to hit)
The bolt of acid hits the ancient lich but does no damage.
The ancient lich is severely damaged.
The ancient lich points at you and mumbles some strange words.
The crystal spear hits you!!!!
You die...
Your body glows with a rainbow of weird colours and disappears.

## . # ###).
#))... {
###!.)...
##)$.....?
##$.......!
##(.)))...)#
#[..L†)..:#
##..@p...∩##
##(..†..)$##
{
#.....)[###
+..)..###
##+#### #.
#. .. ..


You could see an ancient lich (invisible) and a vault guard (very poisoned,
slow).

Vanquished Creatures
  A dread lich (WizLab)
  2 ancient liches
  A royal mummy (Depths:2)
  A shard shrike (Vaults:4)
  Bai Suzhen (Swamp:3)
  Vv (Depths:3)
  Nikola (Swamp:1)
  A golden dragon (Depths:4)
  Jory (Crypt:3)
  the Enchantress (Depths:3)
  A profane servitor (Crypt:3)
  A bone dragon (Crypt:3)
  Arachne (Spider:2)
  Mlioglotl (Swamp:2)
  A tentacled monstrosity (Swamp:3)
  Jorgrun (Spider:2)
  2 liches
  4 deep elf master archers (Elf:3)
  An acid blob (Vaults:4)
  2 titans
  9 deep elf blademasters
  The ghost of Johip the Devastator, an adept GrEE of Gozag (Vaults:4)
  6 ancient champions
  Gastronok (D:12)
  Agnes (D:15)
  Kirke (Swamp:1)
  7 sphinxes
  6 tengu reavers
  A thorn hunter (Swamp:4)
  3 shadow dragons
  3 storm dragons
  4 revenants
  Roxanne (Spider:3)
  An azure jelly (Vaults:4)
  The ghost of RNPValinor the Impaler, an adept VSFi of Qazlal (Elf:1)
  A draconian knight (Depths:4)
  An emperor scorpion (shapeshifter) (Depths:3)
  A fire giant (shapeshifter) (Depths:3)
  6 frost giants
  Aizul (Swamp:1)
  7 emperor scorpions
  3 fire giants
  18 vault wardens
  An iron dragon (shapeshifter) (Depths:3)
  A draconian scorcher (Depths:4)
  2 ghost moths
  2 orc warlords (Vaults:4)
  10 ironbound preservers
  3 deep elf elementalists (Elf:3)
  A caustic shrike zombie (Crypt:3)
  5 deep elf sorcerers
  Louise (Swamp:1)
  A draconian annihilator (Depths:4)
  4 spriggan defenders (Depths:3)
  14 stone giants
  A quicksilver ooze (Vaults:4)
  2 broodmothers
  15 ghouls
  A caustic shrike skeleton (Crypt:3)
  15 war gargoyles
  A quicksilver ooze (shapeshifter) (Depths:3)
  28 very ugly things
  4 deep elf demonologists
  9 ironbound thunderhulks
  4 vampire knights
  A yellow draconian (Depths:4)
  4 deep elf annihilators
  3 eleionomae
  A minotaur (Vaults:5)
  12 spark wasps
  Azrael (Elf:1)
  9 dire elephants
  A white draconian (Depths:4)
  8 entropy weavers
  2 eidola
  3 bunyips
  5 ettins
  6 deep elf death magi
  2 red draconians (Depths:4)
  A blizzard demon (Depths:3)
  11 jiangshi
  A deep elf high priest (Elf:3)
  8 yaktaur captains
  9 mummy priests
  8 fire dragons
  4 shambling mangroves
  A great orb of eyes (shapeshifter) (Depths:3)
  4 great orbs of eyes
  3 rakshasas
  2 vault guards (Vaults:1)
  3 peacekeepers
  2 spriggan air magi (Depths:3)
  3 jorogumos
  3 ice dragons
  27 hydras
  An anaconda (Vaults:5)
  8 boulder beetles
  9 ironbound frosthearts
  4 radroaches
  8 centaur warriors
  25 dancing weapons
  2 death knights
  8 two-headed ogres
  An alligator snapping turtle (shapeshifter) (Depths:3)
  8 alligators
  11 death yaks
  A titan zombie (WizLab)
  5 deep troll earth magi
  4 tengu warriors
  9 vampire magi
  4 spriggan berserkers
  15 hell knights
  8 deep elf knights
  2 iron trolls
  Nergalle (D:11)
  A death drake (Vaults:5)
  29 skeletal warriors
  3 goliath frogs
  3 pharaoh ants
  A deep troll (shapeshifter) (Depths:3)
  A glowing orange brain (shapeshifter) (D:13)
  A shadow wraith (Crypt:2)
  9 swamp dragons
  4 spriggan druids
  44 deep trolls
  9 orb spiders
  6 steelbarb worms
  4 flayed ghosts
  6 glowing orange brains
  2 tengu zombies (WizLab)
  An orange crystal statue (Depths:1)
  10 ironbound convokers
  4 obsidian statues (Depths:3)
  10 wizards
  A harpy (shapeshifter) (Depths:3)
  6 bog bodies
  18 deep elf archers
  11 lindwurms
  46 ugly things
  6 phantasmal warriors
  A harpy (Vaults:1)
  10 necromancers
  A sphinx zombie (WizLab)
  16 wolf spiders
  A fire giant zombie (WizLab)
  5 orc knights
  A shining eye (Elf:3)
  2 stone giant zombies (WizLab)
  2 frost giant zombies (WizLab)
  A mana viper (Vaults:4)
  26 deep elf pyromancers
  30 deep elf zephyrmancers
  4 cyclopes
  4 orc sorcerers
  4 elephants (Lair:5)
  4 will-o-the-wisps
  4 moths of wrath
  3 manticores
  2 demonspawn zombies (WizLab)
  4 naga magi (D:15)
  3 black mambas
  A guardian serpent (shapeshifter) (D:13)
  A centaur zombie (D:15)
  A water nymph (Lair:2)
  A gargoyle (D:11)
  2 eyes of devastation (Vaults:4)
  13 vault sentinels
  A naga skeleton (Crypt:3)
  4 torpor snails
  2 centaur skeletons (D:15)
  A dire elephant skeleton (Crypt:1)
  An orange demon (D:9)
  A stone giant skeleton (Crypt:1)
  4 kobold demonologists
  21 cane toads
  2 spriggan zombies
  5 freezing wraiths
  An alligator snapping turtle skeleton (Crypt:1)
  A rime drake (Lair:5)
  12 komodo dragons
  A catoblepas zombie (Crypt:2)
  20 yaktaurs
  3 efreet
  10 demonic crawlers
  2 harpy zombies (Crypt:1)
  3 meliai (Spider:3)
  A merfolk (shapeshifter) (Depths:3)
  9 guardian mummies
  2 tengu conjurers (D:15)
  6 trolls
  9 tyrant leeches
  A queen bee (Lair:2)
  An iron troll skeleton (Crypt:2)
  5 polar bears
  A tyrant leech (shapeshifter) (Depths:3)
  24 hornets
  4 raiju (Depths:3)
  2 wind drakes
  2 meliai (shapeshifter)
  34 slime creatures
  31 blink frogs
  A slime creature (shapeshifter) (Spider:2)
  26 tarantellas
  A raiju (shapeshifter) (D:15)
  8 dream sheep
  A snapping turtle (Vaults:4)
  An ettin zombie (WizLab)
  An ice dragon zombie (Crypt:3)
  A jumping spider (shapeshifter) (Depths:3)
  26 culicivoras
  28 jumping spiders
  4 air elementals
  2 vampires
  6 water elementals
  6 spriggans
  A fire bat (shapeshifter) (Depths:3)
  4 wyverns
  60 yaks
  9 fire elementals
  An ushabti (Crypt:3)
  7 wraiths
  A hog (Swamp:1)
  8 fire bats (Volcano)
  2 golden eyes (Vaults:4)
  A redback (shapeshifter) (Depths:2)
  4 basilisks
  A steam dragon (D:7)
  54 redbacks
  27 vampire mosquitoes
  15 swamp worms
  An acid dragon (D:8)
  4 wargs
  2 hell hounds (Elf:1)
  A black bear (Lair:2)
  34 orc warriors
  A deep troll skeleton (Crypt:2)
  14 water moccasins
  12 swamp drakes
  A sky beast (D:6)
  5 necrophages
  5 boggarts (Vaults:1)
  2 tengu
  An elephant skeleton (Crypt:1)
  6 ogres
  A blink frog skeleton (Crypt:3)
  25 wolves
  A torpor snail zombie (Crypt:1)
  19 centaurs
  A swamp dragon skeleton (Crypt:2)
  A salamander zombie (Crypt:2)
  3 kobold brigands
  An elf zombie (Crypt:2)
  2 phantoms
  15 bullfrogs
  A draconian skeleton (Crypt:3)
  A bullfrog (shapeshifter) (Depths:3)
  18 earth elementals
  4 gnoll sergeants
  4 scorpions
  A salamander skeleton (Crypt:3)
  A hornet simulacrum (D:15)
  A water moccasin zombie (D:3)
  A wyvern skeleton (Crypt:3)
  23 killer bees
  2 electric eels (Lair:6)
  5 wights (D:9)
  11 howler monkeys
  A yak skeleton (Crypt:1)
  5 lava snakes (Volcano)
  2 jellies (D:7)
  A hound (D:5)
  A gnoll shaman (D:5)
  25 orc priests
  A black bear skeleton (Crypt:2)
  2 iguanas (D:5)
  Terence (D:3)
  22 orc wizards
  10 hell rats
  A killer bee zombie (Crypt:1)
  An ogre skeleton (Crypt:3)
  A mummy (Depths:2)
  Robin (D:3)
  22 gnolls
  3 river rats (D:11)
  5 adders
  2 shadow imps
  A white imp (D:7)
  2 ufetubi
  4 worms
  125 orcs
  3 bats
  4 endoplasms
  3 giant cockroaches
  23 goblins
  5 hobgoblins
  4 jackals (D:4)
  11 kobolds
  4 quokkas
  7 ball pythons
  A ball python zombie (D:3)
  2 frilled lizards
  A frilled lizard zombie (Crypt:2)
  8 rats
1980 creatures vanquished.

Vanquished Creatures (collateral kills)
  An ancient champion (Crypt:3)
  A ghost moth (Spider:4)
  Josephine (Swamp:1)
  A hydra (Vaults:5)
  A skeletal warrior (Crypt:3)
  2 steelbarb worms
  A deep elf zephyrmancer (Vaults:5)
  A guardian mummy (Crypt:3)
  A tyrant leech (Swamp:1)
  3 wraiths (Swamp:1)
  2 hogs (Swamp:1)
15 creatures vanquished.

Vanquished Creatures (others)
  A wizard (D:15)
  A deep elf zephyrmancer (Elf:1)
  A deep elf pyromancer (Elf:3)
  A moth of wrath (Spider:1)
  A bloated husk (Swamp:3)
  A wind drake (Depths:3)
  An orc (D:9)
  12 ball lightnings (Depths:3)
  22 foxfires
  34 fungi
  87 plants
162 creatures vanquished.

Grand Total: 2157 creatures vanquished

Notes
Turn   | Place    | Note
-------+----------+-------------------------------------------
     0 | D:1      | Inarius the Demonspawn Fighter began the quest for the Orb.
     0 | D:1      | Reached XP level 1. HP: 18/18 MP: 1/1
   220 | D:1      | Reached skill level 2 in Axes
   220 | D:1      | Gained mutation: You have a pair of small antennae on your
                  | head. [demonic ancestry]
   220 | D:1      | Reached XP level 2. HP: 7/24 MP: 2/2
  1106 | D:2      | Gained mutation: You regenerate a little health from kills.
                  | [demonic ancestry]
  1106 | D:2      | Reached XP level 3. HP: 29/29 MP: 3/3
  1650 | D:2      | Found a faded altar of an unknown god.
  1851 | D:3      | Reached XP level 4. HP: 35/35 MP: 4/4
  1856 | D:3      | Reached skill level 3 in Axes
  2176 | D:3      | Identified the +1 robe of the Learner {rPois Dex+2 SInv}
  2774 | D:3      | Noticed Terence
  2789 | D:3      | Killed Terence
  2790 | D:3      | Reached XP level 5. HP: 38/41 MP: 5/5
  2822 | D:3      | Noticed Robin
  2863 | D:3      | Killed Robin
  3129 | D:3      | Reached skill level 4 in Axes
  3135 | D:3      | Found a basalt altar of Yredelemnul.
  3349 | D:4      | Noticed a phantom
  3362 | D:3      | Killed a phantom
  3363 | D:3      | Gained mutation: You are partially covered in thin metallic
                  | scales. (AC +2) [demonic ancestry]
  3363 | D:3      | Reached XP level 6. HP: 32/48 MP: 6/6
  4254 | D:4      | Reached skill level 5 in Axes
  4352 | D:4      | Found an iron altar of Okawaru.
  4734 | D:5      | Entered Level 5 of the Dungeon
  4920 | D:5      | Noticed a water moccasin
  4933 | D:5      | Killed a water moccasin
  4934 | D:5      | Reached XP level 7. HP: 47/53 MP: 7/7
  5560 | D:5      | Reached skill level 6 in Axes
  5968 | D:5      | Reached skill level 1 in Evocations
  6135 | D:5      | Gained mutation: You are mostly covered in thin metallic
                  | scales. (AC +3) [demonic ancestry]
  6135 | D:5      | Reached XP level 8. HP: 55/60 MP: 8/8
  6227 | D:6      | Found a staircase to the Ecumenical Temple.
  6292 | D:6      | Found Toddui Gots's Distillery.
  6302 | D:6      | Found Gekaxo Wora's Magic Scroll Boutique.
  6303 | D:6      | Found Tiogh's Jewellery Boutique.
  6314 | D:6      | Found Xiafasys's Jewellery Boutique.
  6316 | D:6      | Bought a potion of heal wounds for 60 gold pieces
  6324 | D:6      | Bought 3 scrolls of teleportation for 108 gold pieces
  6324 | D:6      | Bought a scroll of identify for 24 gold pieces
  6368 | D:6      | Reached skill level 5 in Armour
  6521 | D:6      | Reached skill level 7 in Axes
  6635 | D:6      | Found a burning altar of Makhleb.
  6710 | Temple   | Entered the Ecumenical Temple
  6788 | Temple   | Became a worshipper of Nemelex Xobeh the Trickster
  6925 | D:7      | Found a broken altar of Ashenzari.
  6975 | D:7      | Reached skill level 1 in Invocations
  7150 | D:7      | Found a shimmering altar of Xom.
  7257 | D:7      | Found a hide-covered altar of Uskayaw.
  7567 | D:7      | Reached * piety under Nemelex Xobeh
  7992 | D:8      | Received a gift from Nemelex Xobeh
  8013 | D:8      | Noticed a wizard
  8039 | D:8      | Reached XP level 9. HP: 67/67 MP: 11/11
  8042 | D:8      | Killed a wizard
  8043 | D:8      | Reached skill level 5 in Fighting
  8043 | D:8      | Reached skill level 8 in Axes
  8052 | D:8      | Noticed a two-headed ogre
  8064 | D:8      | Killed a two-headed ogre
  8166 | D:8      | Reached skill level 9 in Axes
  8194 | D:8      | Reached skill level 5 in Invocations
  8198 | D:8      | Gained mutation: You have a pair of antennae on your head.
                  | [demonic ancestry]
  8198 | D:8      | Reached XP level 10. HP: 73/74 MP: 11/13
  8354 | D:8      | Reached ** piety under Nemelex Xobeh
  8691 | D:9      | Received a gift from Nemelex Xobeh
  8813 | D:9      | Found a radiant altar of Vehumet.
  8854 | D:9      | Found a flagged portal.
  8866 | Bailey   | Entered a bailey
  9076 | Bailey   | Reached skill level 10 in Axes
  9316 | Bailey   | Noticed an orc knight
  9324 | Bailey   | Noticed a cyclops
  9324 | Bailey   | an orc knight changed into a cyclops
  9329 | Bailey   | Killed a cyclops
  9386 | Bailey   | Noticed an orc knight
  9400 | Bailey   | Killed an orc knight
  9739 | D:9      | Received a gift from Nemelex Xobeh
  9852 | D:9      | Found a blossoming altar of Fedhas.
  9921 | D:9      | Found a staircase to the Orcish Mines.
 10322 | D:9      | Reached *** piety under Nemelex Xobeh
 10322 | D:9      | Received a gift from Nemelex Xobeh
 10379 | D:10     | Entered Level 10 of the Dungeon
 10379 | D:10     | Noticed Amaemon
 10379 | D:10     | Noticed an orange demon
 10387 | D:9      | Killed an orange demon
 10388 | D:9      | Reached skill level 11 in Axes
 10400 | D:10     | Noticed Amaemon
 10400 | D:10     | Amaemon changed into Amaemon the efreet
 10407 | D:10     | Killed Amaemon the efreet
 10733 | D:10     | Reached XP level 11. HP: 79/81 MP: 14/16
 10831 | D:10     | Found a hazy altar of Hepliaklqana.
 11394 | D:10     | Noticed an obsidian statue
 11820 | D:11     | Noticed a boulder beetle
 11845 | D:10     | Reached skill level 5 in Shields
 11997 | D:10     | Killed a boulder beetle
 12268 | D:11     | Noticed a red ugly thing
 12277 | D:11     | Killed a red ugly thing
 12421 | D:11     | Found a sacrificial altar of Ru.
 12623 | D:11     | Noticed a death yak
 12646 | D:11     | Noticed a death yak
 12650 | D:11     | Killed a death yak
 12650 | D:11     | Noticed a death yak
 12670 | D:10     | Killed a death yak
 12773 | D:11     | Killed a death yak
 12774 | D:11     | Reached skill level 12 in Axes
 12811 | D:11     | Found a staircase to the Lair.
 12827 | D:11     | Noticed a two-headed ogre
 12828 | D:11     | Noticed Nergalle
 12934 | D:11     | Killed a two-headed ogre
 12940 | D:11     | Killed Nergalle
 12941 | D:11     | Reached XP level 12. HP: 89/94 MP: 16/19
 13057 | D:11     | Noticed a two-headed ogre
 13067 | D:11     | Killed a two-headed ogre
 13356 | D:12     | Received a gift from Nemelex Xobeh
 13633 | Lair:1   | Entered Level 1 of the Lair of Beasts
 13717 | Lair:1   | Reached **** piety under Nemelex Xobeh
 13782 | Lair:1   | Reached skill level 10 in Invocations
 14537 | Lair:1   | Received a gift from Nemelex Xobeh
 14867 | Lair:1   | Identified the +1 robe of the Watchman {Fly Int-4 Dex-3
                  | SInv}
 15283 | Lair:2   | Reached skill level 13 in Axes
 15328 | Lair:2   | Received a gift from Nemelex Xobeh
 15332 | Lair:2   | Noticed a four-headed hydra
 15355 | Lair:2   | Killed a four-headed hydra
 15519 | Lair:2   | Noticed a seven-headed hydra
 15531 | Lair:2   | Killed a seven-headed hydra
 15565 | Lair:2   | Found a dark tunnel.
 15702 | Volcano  | Entered a volcano
 15704 | Volcano  | Identified a scroll of acquirement
 15704 | Volcano  | Acquired 784 gold pieces
 16303 | Volcano  | Noticed a stone giant
 16322 | Volcano  | Killed a stone giant
 16382 | Volcano  | Found a burning altar of Makhleb.
 16582 | Lair:2   | Gained mutation: You may rarely emit foul miasma when
                  | damaged in melee. [demonic ancestry]
 16582 | Lair:2   | Reached XP level 13. HP: 84/103 MP: 15/21
 16718 | Lair:2   | Reached skill level 10 in Fighting
 18297 | Lair:2   | Reached skill level 14 in Axes
 19032 | Lair:2   | Found a staircase to the Swamp.
 19419 | Lair:3   | Identified the amulet of Ifoisif {Faith rF- rC++ Int+2
                  | SInv}
 19651 | Lair:3   | Found a hole to the Spider Nest.
 20668 | Lair:4   | Gained mutation: Your hexes are more powerful. [demonic
                  | ancestry]
 20668 | Lair:4   | Reached XP level 14. HP: 40/114 MP: 7/23
 20907 | Lair:4   | Reached ***** piety under Nemelex Xobeh
 21759 | Lair:5   | Reached skill level 15 in Axes
 21799 | Lair:5   | Received a gift from Nemelex Xobeh
 22252 | Lair:5   | You fall into a shaft and drop 1 floor!
 22252 | Lair:6   | Entered Level 6 of the Lair of Beasts
 22252 | Lair:6   | Received a gift from Nemelex Xobeh
 22387 | Lair:6   | Found a staircase to the Slime Pits.
 22387 | Lair:6   | Found a viscous altar of Jiyva.
 22541 | Lair:6   | Received a gift from Nemelex Xobeh
 23499 | Lair:6   | Received a gift from Nemelex Xobeh
 23884 | Lair:6   | Identified the +8 rapier of the Protecting Puffin {speed,
                  | Str+4 Int+4}
 24560 | Orc:1    | Entered Level 1 of the Orcish Mines
 24826 | D:12     | Noticed Gastronok
 24875 | D:12     | Killed Gastronok
 24947 | D:12     | Reached ****** piety under Nemelex Xobeh
 24947 | D:12     | Received a gift from Nemelex Xobeh
 24974 | D:12     | Noticed NigelTetley's ghost (journeyman DECj)
 24981 | D:12     | Found a transporter.
 25053 | D:12     | Found a transporter.
 25080 | D:12     | Reached skill level 16 in Axes
 25538 | Orc:2    | Entered Level 2 of the Orcish Mines
 25564 | Orc:1    | Found Jesiv's Armour Shop.
 25949 | Orc:2    | Found a staircase to the Elven Halls.
 25961 | Orc:2    | Found Isolub Panoe's Antique Armour Shop.
 25986 | Orc:2    | Bought a faintly humming cloak for 304 gold pieces
 25986 | Orc:2    | Identified the +1 cloak of the New World {+Blink} (You
                  | bought it in a shop on level 2 of the Orcish Mines)
 26016 | Orc:2    | Received a gift from Nemelex Xobeh
 26290 | Orc:2    | Reached XP level 15. HP: 121/123 MP: 23/25
 26372 | Orc:2    | Received a gift from Nemelex Xobeh
 26465 | Orc:2    | Noticed an orc warlord
 26473 | Orc:2    | an orc warlord changed into a death yak
 26488 | Orc:2    | Found Rayf's Antique Armour Emporium.
 26493 | Orc:2    | Found Akkifuj's Antique Weapon Shoppe.
 26760 | Orc:2    | Found Sok Waor's General Store.
 26940 | Orc:2    | Bought a pair of runed boots for 195 gold pieces
 26952 | Orc:2    | Bought a scorched plate armour for 728 gold pieces
 26952 | Orc:2    | Identified the +0 plate armour of Paranoia {rElec Slay+6}
                  | (You bought it in a shop on level 2 of the Orcish Mines)
 26952 | Orc:2    | Bought a pair of runed gloves for 195 gold pieces
 27714 | D:13     | Received a gift from Nemelex Xobeh
 28203 | D:13     | Found a gate to the Vaults.
 28424 | D:13     | Reached skill level 17 in Axes
 29025 | D:14     | Received a gift from Nemelex Xobeh
 30013 | D:14     | Identified the +7 falchion of Qukkecut {elec, rC+ Stlth+}
 30053 | D:14     | Received a gift from Nemelex Xobeh
 30413 | D:15     | Entered Level 15 of the Dungeon
 30479 | D:15     | Found a flickering gateway to a bazaar.
 30482 | D:15     | Noticed Agnes
 30485 | Bazaar   | Entered a bazaar
 30485 | Bazaar   | Found Durchaps's Jewellery Emporium.
 30485 | Bazaar   | Found Singe's Antique Armour Shop.
 30485 | Bazaar   | Found Baryrghic's Antique Armour Shoppe.
 30485 | Bazaar   | Found Yseitwit's Armour Shop.
 30487 | Bazaar   | Found Osiur's Assorted Antiques.
 30487 | Bazaar   | Found Giyduow's Jewellery Boutique.
 30565 | Bazaar   | Bought a shimmering steel amulet for 85 gold pieces
 30565 | Bazaar   | Identified the amulet "Pustrerycs" {Spirit rF+ rC+} (You
                  | bought it in a shop in a bazaar)
 30579 | Bazaar   | Bought the ring "Saxkauzonu" {*Corrode Fly rF+ rC+ Will++}
                  | for 482 gold pieces
 30598 | Bazaar   | Bought a pair of runed gloves for 202 gold pieces
 30649 | D:15     | Killed Agnes
 31628 | D:15     | Found a staircase to the Depths.
 31653 | Depths:1 | Entered Level 1 of the Depths
 31796 | D:15     | Identified the +2 rapier of the Sky {freeze, Will- rCorr
                  | Str+3}
 32137 | Spider:1 | Entered Level 1 of the Spider Nest
 32425 | Spider:1 | Identified the ring "Viaro" {Will- MP+9 Int+7}
 32500 | Spider:1 | Reached XP level 16. HP: 106/132 MP: 19/26
 32514 | Spider:1 | Reached skill level 18 in Axes
 32617 | Spider:1 | Identified the +9 hand axe of Past Mistakes {vorpal, rPois
                  | Dex+2}
 33015 | Spider:1 | Received a gift from Nemelex Xobeh
 33887 | Spider:1 | Reached skill level 15 in Invocations
 34895 | Spider:2 | Noticed Jorgrun
 34933 | Spider:2 | Noticed Arachne
 34937 | Spider:2 | Killed Jorgrun
 34967 | Spider:2 | Killed Arachne
 35193 | Spider:2 | Reached skill level 10 in Shields
 35557 | Spider:2 | Received a gift from Nemelex Xobeh
 36097 | Spider:2 | Identified the +10 dagger of Ekuhach {freeze, rElec}
 37062 | Spider:3 | Identified Roxanne's Guide on Earth
 37062 | Spider:3 | Noticed Roxanne
 37435 | Spider:3 | Reached skill level 19 in Axes
 37730 | Spider:3 | Received a gift from Nemelex Xobeh
 37779 | Spider:3 | Gained mutation: You are completely covered in thin
                  | metallic scales. (AC +4, rElec) [demonic ancestry]
 37779 | Spider:3 | Reached XP level 17. HP: 90/140 MP: 16/28
 37847 | Spider:3 | Reached skill level 15 in Fighting
 38454 | Spider:4 | Entered Level 4 of the Spider Nest
 39393 | Spider:4 | Received a gift from Nemelex Xobeh
 39587 | Spider:3 | Killed Roxanne
 39950 | Swamp:1  | Entered Level 1 of the Swamp
 40092 | Swamp:1  | Noticed Josephine
 40096 | Swamp:1  | Noticed Kirke
 40101 | Swamp:1  | Noticed Nikola
 40105 | Swamp:1  | Killed Josephine
 40109 | Swamp:1  | Killed Kirke
 40124 | Swamp:1  | Killed Nikola
 40460 | Swamp:1  | Found the +6 arbalest "Damnation" {damnation}
 40485 | Swamp:1  | Noticed Louise
 40509 | Swamp:1  | Killed Louise
 40692 | Swamp:1  | Received a gift from Nemelex Xobeh
 40766 | Swamp:1  | Noticed Aizul
 40781 | Swamp:1  | Killed Aizul
 41389 | Swamp:2  | Received a gift from Nemelex Xobeh
 41677 | Swamp:2  | Noticed Mlioglotl
 41685 | Swamp:2  | Killed Mlioglotl
 42417 | Swamp:3  | Noticed a tentacled monstrosity
 42431 | Swamp:3  | Killed a tentacled monstrosity
 42615 | Swamp:3  | Received a gift from Nemelex Xobeh
 42841 | Swamp:3  | Noticed Bai Suzhen
 43353 | Swamp:3  | Killed Bai Suzhen
 43465 | Swamp:4  | Entered Level 4 of the Swamp
 44611 | Elf:1    | Entered Level 1 of the Elven Halls
 44664 | Elf:1    | Reached skill level 20 in Axes
 44734 | Elf:1    | Gained mutation: You sometimes emit foul miasma when
                  | damaged in melee. [demonic ancestry]
 44734 | Elf:1    | Reached XP level 18. HP: 151/151 MP: 28/30
 45174 | Elf:1    | Received a gift from Nemelex Xobeh
 45174 | Elf:1    | Noticed Azrael
 45198 | Elf:1    | Killed Azrael
 45508 | Elf:1    | Found a runed translucent door.
 45508 | Elf:1    | Noticed RNPValinor's ghost (adept VSFi)
 46031 | Elf:1    | Killed RNPValinor's ghost
 46033 | Elf:1    | Identified the +11 hand axe "Gaoda" {venom, +Blink rPois}
 46298 | Elf:2    | Found a magical portal.
 46308 | Elf:2    | Received a gift from Nemelex Xobeh
 46313 | WizLab   | Entered Doroklohe's Tomb
 46537 | WizLab   | Noticed a dread lich
 46541 | WizLab   | Noticed a Brimstone Fiend
 46582 | WizLab   | Killed a dread lich
 46872 | WizLab   | Acquired the amulet "Ysytioz" {rElec rC+ Will+ Regen+ MP+9}
 47093 | Elf:2    | HP: 4/152 [+3 halberd of holy wrath (10)]
 48040 | Elf:2    | Paralysed by an air elemental for 1 turns
 48593 | Elf:2    | Received a gift from Nemelex Xobeh
 48604 | Elf:2    | Found a huge runed translucent gate.
 48604 | Elf:2    | Found a huge runed translucent gate.
 48615 | Elf:2    | Found a huge runed translucent gate.
 48696 | Elf:2    | Found a huge runed translucent gate.
 48696 | Elf:2    | Found a huge runed translucent gate.
 48718 | Elf:3    | Entered Level 3 of the Elven Halls
 50227 | Elf:3    | Found Bih Oleq's Book Shoppe.
 50476 | Elf:3    | Paralysed by an air elemental for 1 turns
 50481 | Elf:3    | Paralysed by an air elemental for 1 turns
 50484 | Elf:3    | Gained mutation: You have a pair of large antennae on your
                  | head. (SInv) [demonic ancestry]
 50484 | Elf:3    | Reached XP level 19. HP: 146/154 MP: 30/32
 50531 | Elf:3    | Found the +7 pair of quick blades "Gyre" and "Gimble"
                  | {protect}
 50574 | Elf:3    | Identified the ring of the Pariah {Ice Int+4}
 51574 | Spider:4 | Received a gift from Nemelex Xobeh
 51766 | Spider:4 | Reached skill level 5 in Evocations
 51892 | Spider:4 | Paralysed by a jorogumo for 3 turns
 52733 | Spider:4 | Got a gossamer rune of Zot
 52735 | Spider:4 | Identified the +0 pair of gloves of Giojir {-Cast Str+5
                  | Dex+5}
 53437 | Swamp:4  | Reached skill level 21 in Axes
 54349 | Swamp:4  | Got a decaying rune of Zot
 54653 | Elf:3    | Received a gift from Nemelex Xobeh
 54816 | Elf:3    | Identified the +6 scale mail of Exclusion {-Tele Str+4
                  | Int+3 Dex+6}
 54816 | Elf:3    | Identified the ring of Cocw {rElec rPois AC+4}
 54816 | Elf:3    | Identified the +9 spear of Malaise {vorpal, Str+9 Dex-3}
 55491 | Elf:3    | Reached skill level 10 in Armour
 55495 | Elf:3    | Identified the +8 scimitar of Irritation {drain, rC+ Str-2
                  | Dex+4}
 55568 | Elf:3    | Identified the +5 short sword "Detruj" {pain, Fly MP+9
                  | Int+5}
 55571 | Elf:3    | Identified the +4 spear "Coicein" {vorpal, MP+9 Int+3}
 55960 | Vaults:1 | Entered Level 1 of the Vaults
 57431 | Vaults:1 | Gained mutation: You frequently emit foul miasma when
                  | damaged in melee. [demonic ancestry]
 57431 | Vaults:1 | Reached XP level 20. HP: 146/168 MP: 28/33
 57615 | Vaults:1 | Acquired the ring "Kupov" {rC+ rN+ Int+2}
 57859 | Vaults:1 | Received a gift from Nemelex Xobeh
 58239 | Vaults:1 | Received a gift from Nemelex Xobeh
 58485 | Vaults:1 | Reached skill level 22 in Axes
 59316 | Vaults:2 | Found Asaer's Antique Weapon Boutique.
 59504 | Vaults:2 | Received a gift from Nemelex Xobeh
 59793 | Vaults:2 | Identified the +7 shortbow of Uncertain Death {vorpal,
                  | Int+4}
 60131 | Vaults:2 | Found a staircase to the Crypt.
 60131 | Vaults:2 | Found an ancient bone altar of Kikubaaqudgha.
 60132 | Vaults:2 | Found a basalt altar of Yredelemnul.
 60392 | Vaults:2 | Received a gift from Nemelex Xobeh
 61377 | Vaults:3 | Received a gift from Nemelex Xobeh
 61610 | Vaults:3 | Noticed an ancient lich
 61613 | Vaults:3 | Reached skill level 23 in Axes
 61613 | Vaults:3 | Received a gift from Nemelex Xobeh
 61982 | Vaults:3 | Killed an ancient lich
 62117 | Vaults:3 | Found Nepre's Jewellery Boutique.
 62275 | Vaults:3 | Gained mutation: Your melee attacks may debilitate your
                  | foes. [demonic ancestry]
 62275 | Vaults:3 | Reached XP level 21. HP: 158/177 MP: 29/34
 62485 | Vaults:3 | Received a gift from Nemelex Xobeh
 63290 | Vaults:4 | Found Fabar's Antique Weapon Shoppe.
 63321 | Vaults:4 | Found a runed translucent gate.
 63321 | Vaults:4 | Found a runed translucent gate.
 63321 | Vaults:4 | Found a runed translucent gate.
 63321 | Vaults:4 | Noticed Johip's ghost (adept GrEE)
 63331 | Vaults:4 | Found a viscous altar of Jiyva.
 63372 | Vaults:4 | Reached skill level 15 in Shields
 63376 | Vaults:4 | Received a gift from Nemelex Xobeh
 63723 | Vaults:4 | Reached skill level 24 in Axes
 64418 | Vaults:4 | Noticed Margery
 64434 | Vaults:4 | Noticed Margery
 64434 | Vaults:4 | Margery changed into Margery the shard shrike
 64443 | Vaults:4 | Killed Margery the shard shrike
 65164 | Vaults:4 | Killed Johip's ghost
 65383 | Depths:1 | Received a gift from Nemelex Xobeh
 65400 | Depths:1 | Found Yviu's Distillery.
 65406 | Depths:1 | Bought a potion of heal wounds for 90 gold pieces
 65529 | Depths:1 | Found a one-way gate to the infinite horrors of the Abyss.
 65548 | Depths:1 | Found a gateway to Hell.
 65979 | Depths:1 | Identified the +6 dire flail "Zuza" {flame, *Noise +Blink
                  | Int-4 Dex+7}
 66058 | Depths:1 | Found a bloodstained altar of Trog.
 66338 | Depths:2 | Reached XP level 22. HP: 171/187 MP: 32/35
 66767 | Depths:2 | Received a gift from Nemelex Xobeh
 66773 | Depths:2 | Found a one-way gate leading to the halls of Pandemonium.
 66821 | Depths:2 | Noticed a royal mummy
 66836 | Depths:2 | Killed a royal mummy
 68692 | Depths:3 | Got Kikubaaqudgha's Handbook of Black Secrets
 68883 | Depths:3 | You are sucked into a shaft and drop 1 floor!
 68883 | Depths:4 | Entered Level 4 of the Depths
 68958 | Depths:4 | Reached skill level 25 in Axes
 69261 | Depths:4 | Acquired the +1 pair of gloves "Cioth" {rC++ Dex+3 Stlth+}
 69444 | Depths:4 | Found an iron altar of Okawaru.
 69480 | Depths:3 | Identified the ring "Zargheth" {Str+5 Int+6 Dex+2}
 69780 | Depths:3 | Noticed the Enchantress
 69789 | Depths:3 | Killed the Enchantress
 69866 | Depths:3 | Received a gift from Nemelex Xobeh
 69985 | Depths:3 | Noticed Vv
 70285 | Depths:3 | Killed Vv
 71092 | Depths:3 | Found a one-way gateway to a ziggurat.
 71220 | Depths:4 | Identified the +0 plate armour "Xuppoetu" {Int+4}
 71305 | Depths:4 | Noticed a golden dragon
 71330 | Depths:4 | Killed a golden dragon
 71540 | Depths:4 | Found Xuf Wiw's General Store.
 71540 | Depths:4 | Found Cyisheis's General Store.
 71543 | Depths:4 | Found Aheicuxiy's General Store.
 71557 | Depths:4 | Bought a scroll of teleportation for 57 gold pieces
 71559 | Depths:4 | Bought a scroll of magic mapping for 42 gold pieces
 71648 | Depths:4 | Paralysed by a great orb of eyes for 4 turns
 71706 | Depths:4 | Reached XP level 23. HP: 168/196 MP: 31/36
 71906 | Depths:4 | Found a gate to the Realm of Zot.
 72621 | Crypt:1  | Entered Level 1 of the Crypt
 73148 | Crypt:1  | Identified the +1 chain mail "Isiac" {+Blink rC+ Str+3}
 73200 | Crypt:1  | Received a gift from Nemelex Xobeh
 73447 | Crypt:2  | Noticed an ancient lich
 73469 | Crypt:2  | Killed an ancient lich
 73581 | Crypt:2  | Received a gift from Nemelex Xobeh
 73836 | Crypt:2  | Found a blossoming altar of Fedhas.
 74014 | Crypt:2  | Received a gift from Nemelex Xobeh
 74076 | Crypt:3  | Entered Level 3 of the Crypt
 74247 | Crypt:3  | Reached skill level 26 in Axes
 74287 | Crypt:3  | HP: 5/198 [ancient champion/+0 great mace (16)]
 74328 | Crypt:3  | Noticed Jory
 74334 | Crypt:3  | Found a staircase to the Tomb.
 74652 | Crypt:3  | Received a gift from Nemelex Xobeh
 74815 | Crypt:3  | Identified the ring of Moxudd {Will+ rCorr MP-9 Str+6}
 74842 | Crypt:3  | Killed Jory
 75246 | Crypt:3  | Found an ancient bone altar of Kikubaaqudgha.
 75287 | Crypt:3  | Found a basalt altar of Yredelemnul.
 75456 | Crypt:3  | Found the +9 sword of Zonguldrok {reap}
 75463 | Crypt:3  | Got the Compendium of Changing
 75649 | Crypt:3  | Received a gift from Nemelex Xobeh
 75992 | Vaults:5 | Entered Level 5 of the Vaults
 75992 | Vaults:5 | Noticed an ancient lich
 75993 | Vaults:5 | Found Juge's Jewellery Shoppe.
 76145 | Vaults:5 | Killed from afar by an ancient lich

Illustrated notes

Levels and vault maps discovered:
D:1:      tarquinn_simple_flora_water_f, layout_loops_ring
D:2:      layout_loops_ring, hellmonk_ecumenical_altar_heavens_door,
          minmay_misc_feat_x, minmay_tripent
D:3:      layout_basic, lemuel_zombie_altar_yredelemnul, uniq_terence,
          uniq_robin
D:4:      layout_layer_cave, mainiacjoe_overflow_paths,
          hangedman_abyss_or_decor_jellyfish_corner
D:5:      layout_basic
D:6:      layout_rooms, lemuel_doored_altar, minmay_temple_entry_crystal_x,
          minmay_shop_grid_forest
D:7:      layout_layer_cave, mainiacjoe_overflow_alcove_1,
          amcnicky_altar_gilded, overflow_temple_1_default
D:8:      cheibrodos_wizards_tower, layout_basic
D:9:      layout_irregular_city, mainiacjoe_overflow_small_starburst,
          mainiacjoe_overflow_six_doors_small, orc_0_dummy, enter_bailey_4
D:10:     layout_loops_ring, mainiacjoe_overflow_concentric_impassable,
          minmay_protected_statue, uniq_amaemon
D:11:     layout_cave_pods, dpeg_lair_monsters, serial_park, serial_park_square1
          [serial_park_minivault_5x5_7], serial_park_square3
          [serial_park_minivault_5x5_5], serial_park_square3
          [serial_park_minivault_5x5_8], hangedman_ru_absence, uniq_nergalle
D:12:     layout_irregular_city, nzn_ghost_randoct, uniq_gastronok
D:13:     layout_roguey, skrybe_vaults_entry_preservation
D:14:     layout_roguey [special_room_orc], elyvilon_altar_4, minmay_evil_grid
D:15:     grunt_enter_depths_magical_seal, layout_loops_ring, serial_shops,
          freezing_bzr, chequers_serial_rivers_room_a, uniq_agnes
Temple:   nicolae_temple_figure_eight
Lair:1:   layout_small_grid, grunt_forest_small_clearing_treed
Lair:2:   layout_hall_layers, palyth_hydra_swamp_entry, special_room
          [special_room_bee], enter_volcano_4, lemuel_fruit_tree
Lair:3:   layout_cave_shapes, nicolae_spider_entry_orb_guardian
Lair:4:   layout_roguey
Lair:5:   layout_gridlike, grunt_forest_large_clearing_hut, lemuel_fruit_fields
Lair:6:   minmay_lair_end_frog_pond, layout_regular_city, slime_altar_1,
          chequers_serial_rivers_micro_b, dreamdust_deal_with_the_devil
Swamp:1:  layout_basic_swamp, nicolae_swamp_round_clearing,
          hangedman_swamp_blocks, uniq_josephine, uniq_nikola, uniq_aizul,
          uniq_louise, uniq_kirke
Swamp:2:  layout_basic_swamp, evilmike_swamp_ruin_wall, uniq_mlioglotl
Swamp:3:  layout_basic_swamp, nicolae_swamp_tree_designs, swamp_pool2,
          infiniplex_staircase_pool, uniq_bai_suzhen
Swamp:4:  swamp, layout_basic_swamp, cheibrodos_swamp_pet_leeches,
          infiniplex_staircase_pool_2
Spider:1: spiders_nest_scorpion_pit, spiders_nest_spider_trap
Spider:2: cheibrodos_forgotten_conduit, uniq_jorgrun, uniq_arachne
Spider:3: layout_spider_delve, uniq_roxanne
Spider:4: grunt_spider_rune_parallel
Orc:1:    layout_diamond_mine, serial_shops, shop_fountains
Orc:2:    grunt_orc_community_town_hall, layout_caves,
          grunt_orc_community_big_house_1, grunt_orc_community_big_house_1,
          grunt_orc_community_house_3, grunt_orc_community_house_1,
          grunt_orc_community_house_2, grunt_orc_community_house_2,
          grunt_orc_community_house_3, bh_open_orc_temple
Elf:1:    layout_geoelf_diagonals, ebering_ghost_inner_flame,
          minmay_elf_crystal_hexagon, uniq_azrael
Elf:2:    elven_hall_of_blades_hangedman_alternative
          [nicolae_blade_entry_pointy_end], layout_geoelf_diagonals,
          infiniplex_enter_wizlab_glasses
Elf:3:    minmay_elf_hall, layout_loops_cross, serial_shops,
          nicolae_lakefront_shop, palyth_stone_intersect,
          hellmonk_guarded_unrand_gyre_and_gimble
Vaults:1: v_misc_17, dpeg_vaults_pockets_of_resistance, dpeg_vaults_monster_box,
          grunt_vaults_hallway_long, vaults_dpeg_diagonal, vaults_room_hallway,
          grunt_vaults_hallway_long, layout_vaults_chaotic_city
Vaults:2: ontoclasm_vaults_ring_square, v_misc_33, vaults_room_grid,
          minmay_crypt_entry_necro_gods, vaults_room_corners,
          ontoclasm_vaults_claustrophobia, nicolae_vaults_mini_display_case,
          nicolae_vaults_sealed_display, nicolae_vaults_three_branches,
          hangedman_vaults_cutoff, layout_vaults_omnicross, serial_shops,
          shop_fountains
Vaults:3: vaults_room_glass_cross, hangedman_vaults_maws, vaults_dpeg_cross,
          vaults_dpeg_ring, ontoclasm_vaults_tryst, v_misc_4,
          nicolae_vaults_yaktaur_gun_rack, v_pattern_1,
          ontoclasm_vaults_loading_screen, layout_vaults_omnigrid, serial_shops,
          nicolae_square_shop
Vaults:4: gammafunk_ghost_ooze, nicolae_vaults_little_squares_4,
          hangedman_vaults_stagger, nicolae_vaults_quartermaster,
          ontoclasm_vaults_ring_square, v_misc_28, v_misc_19,
          grunt_vaults_bifocal, nicolae_vaults_border_crossing,
          nicolae_vaults_theta, ontoclasm_vaults_twist, v_misc_23, v_misc_25,
          vaults_room_fours, v_pattern_4, dpeg_vaults_monster_row,
          vaults_dpeg_hooks, layout_vaults_ring, serial_shops, shop_fountains,
          uniq_margery
Vaults:5: serial_shops
Crypt:1:  layout_misc_corridors, grunt_ministairs_14, grunt_crypt_arrival_split
Crypt:2:  layout_rooms, nicolae_crypt_fedhas_prevails
Crypt:3:  lightli_unholy_cathedral, layout_chaotic_city, grunt_megastairs_2,
          uniq_josephina, uniq_jory
Depths:1: layout_basic, grunt_metal_band, serial_shops, nicolae_diamond_shop,
          abyss_entry, minivault_16, hangedman_abyss_or_decor_clamps,
          trog_three_pillars_becter
Depths:2: ragdoll_tomb_raider, layout_gridville, serial_bayou_pond_d,
          abyss_entry_glasseish, pan_entry, hell_entry, minmay_door_square,
          grunt_tough_drop, infiniplex_staircase_pillars_3a
Depths:3: radiant_caverns_b_rkd, abyss_entry, hell_entry, uniq_enchantress,
          uniq_vv
Depths:4: grunt_zot_entry_bicorn, layout_honeycomb, hell_entry,
          okawaru_gym_becter, hangedman_decor_opposing, minmay_shop_star,
          serial_bayou_shore_b

Skill      XL: |  1  2  3  4  5  6  7  8  9 10 11 12 13 14 15 16 17 18 19 20 21 22 23 |
---------------+----------------------------------------------------------------------+-----
Axes           | 2 3 4 5 6 7 9 11 12 13 14 16 17 19 20 21 23 24 25 26 | 26.2
Armour         | 3 4 5 6 7 8 10 11 12 | 12.9
Shields        | 3 4 5 6 7 8 9 10 11 12 13 14 15 16 17 | 17.9
Fighting       | 4 5 6 8 9 11 13 14 15 16 17 18 19 20 | 20.6
Evocations     | 1 2 3 4 7 9 |  9.0
Invocations    | 2 5 7 9 11 12 13 14 15 16 18 19 | 19.1
Throwing       | |  0.4

Action                   |  1- 3 |  4- 6 |  7- 9 | 10-12 | 13-15 | 16-18 | 19-21 | 22-24 || total
-------------------------+-------+-------+-------+-------+-------+-------+-------+-------++-------
Melee: War axe           |   117 |    59 |       |       |       |       |       |       ||   176
       Hand axe          |       |   167 |   195 |   505 |   691 |       |       |       ||  1558
       Spear             |       |       |     6 |       |       |       |       |       ||     6
       Demon whip        |       |       |       |   315 |   133 |    29 |   105 |       ||   582
       Broad axe         |       |       |       |       |   693 |  1518 |  1289 |  1378 ||  4878
Throw: Throwing net      |       |     1 |     1 |       |       |       |       |       ||     2
Invok: Draw Destruction  |       |       |     2 |    25 |    10 |    39 |    16 |    15 ||   107
       Draw Summoning    |       |       |     1 |       |       |     5 |       |     4 ||    10
       Draw Escape       |       |       |       |       |     1 |       |     1 |     1 ||     3
 Abil: Evoke Blink       |       |       |       |       |       |     1 |       |       ||     1
Evoke: Wand              |       |     1 |     4 |    27 |     8 |    17 |    38 |     6 ||   101
       Piece from Xom's  |       |       |       |       |       |       |     2 |       ||     2
       Lightning rod     |       |       |       |       |       |       |     1 |       ||     1
       Box of beasts     |       |       |       |       |       |       |       |     1 ||     1
  Use: Potion            |     1 |       |       |     3 |     1 |     5 |     1 |    14 ||    25
       Scroll            |       |     4 |     4 |     9 |    20 |    13 |    11 |    21 ||    82
 Stab: Held in net/web   |       |       |     1 |       |       |       |       |       ||     1
       Distracted        |       |       |       |     1 |       |       |     1 |     2 ||     4
       Paralysed         |       |       |       |       |       |     3 |       |       ||     3
       Confused          |       |       |       |       |       |     2 |       |       ||     2
Armor: Scale mail        |    45 |    37 |       |       |       |       |       |       ||    82
       Chain mail        |       |    71 |    92 |    59 |       |       |       |       ||   222
       Crystal plate arm |       |       |       |   359 |  1203 |  1216 |   804 |   284 ||  3866
       Gold dragon scale |       |       |       |       |       |       |       |   441 ||   441
Dodge: Dodged            |    52 |    66 |    67 |   218 |   195 |    97 |   124 |   143 ||   962
Block: Buckler           |    26 |    45 |    47 |   153 |   277 |       |       |       ||   548
       Kite shield       |       |       |       |       |   297 |   349 |       |       ||   646
       Tower shield      |       |       |       |       |       |   831 |  1252 |  1219 ||  3302
       Reflection        |       |       |       |       |       |    17 |       |     1 ||    18

Table legend: (Time is in decaauts)
 A = Elapsed time spent in this place.
 B = Non-inter-level travel time spent in this place.
 C = Inter-level travel time spent in this place.
 D = Time resting spent in this place.
 E = Time spent auto-exploring this place.
 F = Levels seen in this place.
 G = Mean time per level.
                   A        B        C        D        E       F      G
               +--------+--------+--------+--------+--------+-----+--------+
         Total |  75305 |  70610 |   4695 |  19494 |  34140 |  51 | 1476.6 |
       Dungeon |  20270 |  18521 |   1749 |   3324 |  11420 |  15 | 1351.3 |
        Temple |     90 |     80 |     10 |      0 |     66 |   1 |   90.0 |
          Lair |  10397 |   9497 |    900 |   2258 |   5302 |   6 | 1732.8 |
         Swamp |   5922 |   5682 |    240 |   2192 |   2226 |   4 | 1480.5 |
   Spider Nest |   8863 |   8328 |    535 |   3573 |   2845 |   4 | 2215.8 |
  Orcish Mines |   1702 |   1470 |    232 |     71 |    900 |   2 |  851.0 |
   Elven Halls |   7145 |   6873 |    272 |   3125 |   2078 |   3 | 2381.7 |
        Vaults |   8586 |   8161 |    425 |   1685 |   4559 |   5 | 1717.2 |
         Crypt |   3100 |   2971 |    129 |    535 |   1475 |   3 | 1033.3 |
        Depths |   7005 |   6808 |    197 |   1796 |   3143 |   4 | 1751.2 |
        Bazaar |    157 |    157 |      0 |     67 |      0 |   1 |  157.0 |
        Bailey |    572 |    572 |      0 |    185 |      0 |   1 |  572.0 |
       Volcano |    806 |    806 |      0 |    435 |     52 |   1 |  806.0 |
        Wizlab |    684 |    684 |      0 |    243 |     74 |   1 |  684.0 |
               +--------+--------+--------+--------+--------+-----+--------+

Top non-repeatable levels by time:
  Lair:2: 2540 daAuts
  Lair:1: 2532 daAuts
   Elf:3: 2529 daAuts
    D:13: 2521 daAuts
Spider:1: 2474 daAuts
Spider:3: 2456 daAuts
Depths:2: 2365 daAuts
 Swamp:3: 2344 daAuts
   Elf:1: 2329 daAuts
   Elf:2: 2286 daAuts
Vaults:4: 2277 daAuts
Vaults:2: 2164 daAuts
Spider:2: 2154 daAuts
Vaults:1: 2079 daAuts
Vaults:3: 1932 daAuts
